 Dungeon Crawl Stone Soup version 0.31-a0-424-g41b3b0883d (webtiles) character file.

Game seed: 2187036607915191450

37 Bnni the Shooter (level 3, -4/22 HPs)
             Began as a Tengu Hunter on July 30, 2023.
             Was an Initiate of Gozag.
             Killed from afar by Sigmund (7 damage)
             ... with a magic dart
             ... on level 2 of the Dungeon.
             The game lasted 00:00:59 (701 turns).

Bnni the Shooter (Tengu Hunter)                      Turns: 701, Time: 00:01:01

Health: -4/22      AC:  3    Str: 11    XL:     3   Next: 41%
Magic:  4/4        EV: 12    Int:  9    God:    Gozag
Gold:   99         SH:  0    Dex: 19    Spells: 2/2 levels left

rFire   . . .        a - +0 shortbow
rCold   . . .        (shield currently unavailable)
rNeg    . . .        c - +0 leather armour
rPois   .            (helmet restricted)
rElec   .            (no cloak)
rCorr   .            (no gloves)
SInv    .            (boots unavailable)
Will    .....        (no amulet)
Stlth   ++           (no ring)
HPRegen 0.23/turn    (no ring)
MPRegen 0.09/turn

%: no passive effects
@: no status effects
A: beak, talons 3
a: Renounce Religion, Potion Petition, Call Merchant, Bribe Branch


You were on level 2 of the Dungeon.
You worshipped Gozag.
Gozag was noncommittal.
You visited 1 branch of the dungeon, and saw 2 of its levels.

You collected 99 gold pieces.

Inventory:

Hand Weapons
 a - a +0 shortbow (weapon)
Missiles
 j - 4 poisoned darts
Armour
 c - a +0 leather armour (worn)
Jewellery
 h - a ring of wizardry
Scrolls
 b - a scroll of butterflies
 d - a scroll of torment {unknown}
 e - a scroll of enchant weapon {unknown}
 f - a scroll of fear {unknown}
 g - a scroll of blinking {unknown}
 k - a scroll of immolation {unknown}
 l - a scroll of noise {unknown}
Potions
 i - a potion of curing {unknown}


   Skills:
 + Level 2.6 Fighting
 * Level 5.2 Ranged Weapons
 - Level 2.1 Dodging
 - Level 1.0 Stealth


You had 2 spell levels left.
You didn't know any spells.
Your spell library was empty.

Dungeon Overview and Level Annotations

Branches:
Dungeon (2/15)

Altars:
Gozag

Annotations:
D:2 Sigmund


Innate Abilities, Weirdness & Mutations

You have a beak for a mouth.
You have claws for feet.


Message History

A goblin and an endoplasm come into view.
The endoplasm quivers.
You shoot an arrow. The arrow hits the endoplasm!
You kill the endoplasm!
You shoot an arrow. The arrow hits the goblin.
You kill the goblin!
No target in view!
There is a faded altar of an unknown god here.
This altar belongs to (a) Okawaru, (b) Gozag or (c) Wu Jian, but you can't tell which.
Press the corresponding letter to learn more about a god, or press enter to convert or escape to cancel.
Gozag accepts your prayer! Gozag welcomes you!
Gozag waives the service fee.
Sigmund the Dreaded comes into view.
He is wielding a +0 scythe.
You shoot an arrow. The arrow hits Sigmund.
Sigmund is lightly wounded.
You shoot an arrow. The arrow barely misses Sigmund.
You shoot an arrow. The arrow hits Sigmund.
Sigmund is moderately wounded.
Sigmund mumbles some strange words.
Sigmund flickers and vanishes!
Deactivating autopickup; reactivate with Ctrl-A.
No target in view!
No target in view!
You shoot an arrow. You shoot an arrow. You shoot an arrow. Something hits you.
You shoot an arrow. Something hits you!
A puff of flame appears from out of thin air!
The puff of flame hits you!
* * * LOW HITPOINT WARNING * * *
You are too injured to fight recklessly!
You are too injured to fight recklessly!
Unknown command.
Fire: a) +0 shortbow
Press: ? - help, Shift-Dir - straight line You shoot an arrow.
A magic dart appears from out of thin air!
The magic dart hits you!
You die...
Your body crumbles into a pile of gold.

......#...........#
........##..........#
................#####
........##....#.##
.......###.......#########
......)# #.......##......#
#..#^............#
...##.....#.......#
.....{...@........#
...#########......# .
#......# #......# #......#
#......# ########


There were no monsters in sight!

Vanquished Creatures
  An adder (D:2)
  3 ball pythons (D:1)
  4 endoplasms
  A giant cockroach (D:2)
  3 goblins
  A hobgoblin (D:1)
  A quokka (D:2)
  3 bats (D:1)
  3 frilled lizards (D:1)
  4 kobolds
  3 rats
27 creatures vanquished.

Notes
Turn   | Place    | Note
-------+----------+-------------------------------------------
     0 | D:1      | Bnni the Tengu Hunter began the quest for the Orb.
     0 | D:1      | Reached XP level 1. HP: 12/12 MP: 2/2
   134 | D:1      | Reached XP level 2. HP: 17/17 MP: 3/3
   510 | D:2      | Reached skill level 5 in Ranged Weapons
   516 | D:2      | Reached XP level 3. HP: 15/22 MP: 4/4
   646 | D:2      | Found a faded altar of an unknown god.
   671 | D:2      | Prayed at the altar of an unknown god.
   671 | D:2      | Became a worshipper of Gozag Ym Sagoz the Greedy
   691 | D:2      | Noticed Sigmund
   701 | D:2      | Killed from afar by Sigmund

Illustrated notes

Levels and vault maps discovered:
D:1:      dpeg_arrival_simpleton_c, layout_basic, chequers_arboretum
D:2:      layout_rooms, ebering_ecumenical_altar_mist, uniq_sigmund

Skill      XL: |  1  2 |
---------------+-------+-----
Ranged Weapons | 5 |  5.2
Fighting       | |  2.6
Dodging        | |  2.1
Stealth        | |  1.0

Action                     || total
---------------------------++-------
   Fire: Shortbow          ||    54
 Armour: Leather armour    ||     4
  Dodge: Dodged            ||     6

Table legend: (Time is in decaauts)
 A = Elapsed time spent in this place.
 B = Non-inter-level travel time spent in this place.
 C = Inter-level travel time spent in this place.
 D = Time resting spent in this place.
 E = Time spent auto-exploring this place.
 F = Levels seen in this place.
 G = Mean time per level.
                   A        B        C        D        E       F      G
               +--------+--------+--------+--------+--------+-----+--------+
         Total |    712 |    692 |     20 |      0 |    559 |   2 |  356.0 |
       Dungeon |    712 |    692 |     20 |      0 |    559 |   2 |  356.0 |
               +--------+--------+--------+--------+--------+-----+--------+

Top non-repeatable levels by time:
     D:1: 485 daAuts
     D:2: 226 daAuts
